Match 24564632
Unlisted

Match 24564632
End
Construct Section Command Post
Vickers Machine Gun Team
Dingo Light Scout Car
Infantry Section
Royal Engineer Section
Royal Engineer Section
ML 3-inch Mortar Team
Construct Platoon Command Post
Humber Armored Car
6-pounder Anti-tank Gun Team
Royal Engineer Section
CMP 15cwt Truck
Selects Heavy Armor Battlegroup
Selects Engineer Detachments
Selects Crusader AA Medium Tank
[BLSP]Campari_Kurita
Dreckschleuder
Desertfox
Bananenratte
HXZJ
Same Old Thing
mcq_knight
Deutsche Eiche
0
0

Comments sign in to comment!

No comments posted yet!